 Dungeon Crawl Stone Soup version 0.31-a0-459-gc8a9bf3d51 (console) character file.

Game seed: 4863588717320903643

316 Lexodia the Destroyer (level 6, 0/32 HPs)
             Began as a Tengu Fire Elementalist on Aug 4, 2023.
             Slain by a gnoll
             ... wielding a +0 halberd
              (15 damage)
             ... on level 3 of the Dungeon.
             The game lasted 00:05:40 (3660 turns).

Lexodia the Destroyer (Tengu Fire Elementalist)     Turns: 3660, Time: 00:05:40

Health: 0/32       AC:  4    Str:  8    XL:     6   Next: 44%
Magic:  2/10       EV: 15    Int: 17    God:
Gold:   173        SH:  0    Dex: 21    Spells: 3/9 levels left

rFire   + . .        h - +0 whip (holy)
rCold   . . .        (no shield)
rNeg    . . .        a - +0 robe
rPois   .            (helmet restricted)
rElec   .            d - +1 cloak
rCorr   .            (no gloves)
SInv    .            (boots unavailable)
Will    .....        g - amulet of faith
Stlth   ++           l - +6 ring of dexterity
HPRegen 0.25/turn    r - ring of protection from fire
MPRegen 0.12/turn

%: faith
@: flying quickly and evasively, quick
A: beak, talons 3, nimble flight
a: no special abilities


You were on level 3 of the Dungeon.
You visited 1 branch of the dungeon, and saw 3 of its levels.

You collected 173 gold pieces.

Inventory:

Hand Weapons
 h - a +0 whip of holy wrath (weapon)
Armour
 a - a +0 robe (worn)
 d - a +1 cloak (worn)
 i - a +0 ring mail of willpower
Jewellery
 g - an amulet of faith (around neck)
 l - a +6 ring of dexterity (left hand)
 r - a ring of protection from fire (right hand)
Wands
 m - a wand of paralysis (6)
 s - a wand of flame (26)
Scrolls
 e - 6 scrolls of identify {unknown}
 f - a scroll of enchant armour {unknown}
 j - a scroll of immolation {unknown}
 k - a scroll of butterflies {unknown}
 n - a scroll of noise {unknown}
 o - a scroll of revelation {unknown}
 q - a scroll of vulnerability {unknown}
 t - a scroll of silence {unknown}
Potions
 b - a potion of magic
 c - a potion of lignification {unknown}
 p - a potion of heal wounds {unknown}


   Skills:
 + Level 0.1 Fighting
 + Level 0.1 Armour
 + Level 2.2 Dodging
 - Level 2.0 Stealth
 + Level 2.2 Spellcasting
 - Level 8.0 Conjurations
 + Level 3.5 Fire Magic


You had 3 spell levels left.
You knew the following spells:

 Your Spells              Type           Power      Damage    Failure   Level
a - Foxfire               Conj/Fire      84%        2x1d8     1%          1
b - Scorch                Fire           28%        2d6       7%          2
c - Volatile Blastmotes   Fire/Tloc      14%        2d11      26%         3

Your spell library contained the following spells:

 Spells                   Type           Power      Damage    Failure   Level
 Inner Flame              Hex/Fire       7%         N/A       26%         3
 Ensorcelled Hibernation  Hex/Ice        2%         N/A       28%         2
 Passwall                 Tmut/Erth      0%         N/A       28%         2
 Swiftness                Air            1%         N/A       50%         3
 Flame Wave               Conj/Fire      21%        2d8       17%         4


Dungeon Overview and Level Annotations

Branches:
Dungeon (3/15)

Altars:

Shops:
D:1 [


Innate Abilities, Weirdness & Mutations

You have a beak for a mouth.
You have claws for feet.
Your magical nature lets you fly swiftly and evasively.


Message History

You conjure some foxfire!
The foxfire hits the gnoll.
The gnoll is almost dead.
The foxfire hits the gnoll but does no damage.
The gnoll is almost dead.
The foxfire hits the gnoll.
You kill the gnoll!
You conjure some foxfire!
The foxfire hits the gnoll.
The gnoll is lightly wounded.
The foxfire hits the gnoll but does no damage.
The kobold throws a poisoned dart.
The poisoned dart misses you.
The poisoned dart barely misses your foxfire.
The gnoll completely misses you.
You conjure some foxfire!
The foxfire hits the gnoll but does no damage.
The gnoll is lightly wounded.
The foxfire hits the gnoll but does no damage.
The gnoll is lightly wounded.
The gnoll misses you. x2; The foxfire hits the kobold.
The kobold is severely wounded.
You conjure some foxfire!
The foxfire hits the gnoll.
The gnoll is moderately wounded.
The gnoll misses you. The gnoll hits you with a +0 whip.
Damage: -18%(-6hp) hp: 82%(26hp)
You conjure some foxfire!
The foxfire hits the gnoll!
The gnoll is almost dead.
The gnoll hits you from afar with a +0 halberd!
The kobold hits you but does no damage. The gnoll misses you.
Huge Dmg: -38%(-12hp) hp: 44%(14hp)
You are too injured to fight recklessly!
You hit the gnoll but do no damage. You claw the gnoll, but do no damage.
The gnoll is almost dead.
The foxfire hits the gnoll.
You kill the gnoll!
The foxfire hits the gnoll.
The gnoll is moderately wounded.
The foxfire hits the gnoll but does no damage.
The gnoll is moderately wounded.
The kobold completely misses you.
The gnoll hits you from afar with a +0 halberd!
You die...

................
#..............# .......
##.....##.....## .......
#.....######### .......
..###....########.......
.## ####.#........>.....
.#######.#.#####..).....
#.............##.Kg.....
..###########.##@))$....
### #..ยงยง.......
###.#....... #.##......
#.. ...... #####.....
..... .....


You could see a gnoll and a kobold.

Vanquished Creatures
  Sigmund (D:2)
  A scorpion zombie (D:2)
  3 gnolls (D:3)
  2 adders
  A shadow imp (D:3)
  3 adder zombies (D:2)
  2 adder skeletons (D:2)
  A worm (D:2)
  3 dart slugs
  5 bats
  A bat zombie (D:2)
  4 endoplasms
  4 giant cockroaches
  8 goblins
  5 hobgoblins
  2 jackals (D:2)
  4 kobolds
  2 quokkas
  3 ball pythons
  2 ball python zombies (D:2)
  2 frilled lizards
  A jackal skeleton (D:2)
  A quokka skeleton (D:2)
  9 rats
70 creatures vanquished.

Vanquished Creatures (others)
  262 foxfires
262 creatures vanquished.

Grand Total: 332 creatures vanquished

Notes
Turn   | Place    | Note
-------+----------+-------------------------------------------
     0 | D:1      | Lexodia the Tengu Fire Elementalist began the quest for the
                  | Orb.
     0 | D:1      | Reached XP level 1. HP: 10/10 MP: 4/4
    75 | D:1      | Reached skill level 2 in Conjurations
   187 | D:1      | Reached XP level 2. HP: 15/15 MP: 3/6
   190 | D:1      | Learned a level 2 spell: Scorch
   333 | D:1      | Reached skill level 3 in Conjurations
   678 | D:1      | Found Qeigeli's Armour Shop.
  1121 | D:2      | Noticed Sigmund
  1161 | D:2      | Reached XP level 3. HP: 19/19 MP: 3/7
  1165 | D:2      | Learned a level 3 spell: Volatile Blastmotes
  1189 | D:2      | Reached skill level 4 in Conjurations
  1525 | D:2      | Huge Dmg: 9 dmg
  1530 | D:2      | Killed Sigmund
  1531 | D:2      | Reached skill level 7 in Conjurations
  1531 | D:2      | Reached XP level 4. HP: 15/24 MP: 0/8
  1531 | D:2      | Gained mutation: Your magical nature lets you fly swiftly
                  | and evasively. [Tengu growth]
  1531 | D:2      | Reached XP level 5. HP: 17/28 MP: 0/9
  1738 | D:2      | Reached XP level 6. HP: 29/32 MP: 0/10
  2995 | D:3      | Reached skill level 8 in Conjurations
  3660 | D:3      | Huge Dmg: 12 dmg
  3660 | D:3      | Slain by a gnoll

Illustrated notes

Levels and vault maps discovered:
D:1:      lightli_arrival_flooded_house, layout_loops_ring, serial_shops, shop
D:2:      layout_loops_corners, serial_undead, serial_undead_e, serial_undead_a,
          serial_undead_b, serial_undead_e, serial_undead_f, moated_statue,
          minmay_goblin_outpost, uniq_sigmund
D:3:      layout_rooms

Skill      XL: |  1  2  3  4  5  6 |
---------------+-------------------+-----
Conjurations   | 2 3 7 8 |  8.0
Fighting       | |  0.1
Armour         | |  0.1
Dodging        | |  2.2
Stealth        | |  2.0
Spellcasting   | |  2.2
Fire Magic     | |  3.5

Action                     |  1- 3 |  4- 6 || total
---------------------------+-------+-------++-------
  Melee: Unarmed           |    25 |       ||    25
         Peck              |     5 |     2 ||     7
         Kick              |     6 |     4 ||    10
         Whip              |       |    22 ||    22
   Cast: Foxfire           |    71 |    83 ||   154
         Scorch            |     5 |    15 ||    20
   Stab: Distracted        |       |     1 ||     1
 Armour: Robe              |    10 |     6 ||    16
  Dodge: Dodged            |    21 |    42 ||    63

Table legend: (Time is in decaauts)
 A = Elapsed time spent in this place.
 B = Non-inter-level travel time spent in this place.
 C = Inter-level travel time spent in this place.
 D = Time resting spent in this place.
 E = Time spent auto-exploring this place.
 F = Levels seen in this place.
 G = Mean time per level.
                   A        B        C        D        E       F      G
               +--------+--------+--------+--------+--------+-----+--------+
         Total |   3551 |   3463 |     88 |     96 |   2877 |   3 | 1183.7 |
       Dungeon |   3551 |   3463 |     88 |     96 |   2877 |   3 | 1183.7 |
               +--------+--------+--------+--------+--------+-----+--------+

Top non-repeatable levels by time:
     D:2: 1752 daAuts
     D:1: 1153 daAuts
     D:3: 645 daAuts
